 Dungeon Crawl Stone Soup version 0.31-a0-986-g5e6e4ef867 (webtiles) character file.

Game seed: 887891196855303233

46384 wildpjah the Fencer (level 14, -4/144 HPs)
             Began as a Tengu Fighter on Nov 21, 2023.
             Was a Priest of Ashenzari.
             Killed from afar by a rime drake (8 damage)
             ... with an icy flash freeze
             ... in an ice cave.
             The game lasted 00:39:50 (14308 turns).

wildpjah the Fencer (Tengu Fighter)                Turns: 14308, Time: 00:39:51

Health: -4/144     AC: 21    Str: 28    XL:     14   Next: 37%
Magic:  15/15      EV: 22    Int:  9    God:    Ashenzari [***...]
Gold:   1385       SH: 13    Dex: 24    Spells: 13/13 levels left

rFire   + . .        m - +0 quick blade (flame)
rCold   + + .        c - +0 kite shield {rC+}
rNeg    . . .        B - +7 Kryia's mail coat {PotionHeal*2 rC+, Elem, Melee} (curse)
rPois   +            (helmet restricted)
rElec   +            k - +1 cloak of the Esoteric Mysticism {rF+, Elem, Dev} (curse)
rCorr   .            P - +2 pair of gloves "Eternal Doubts" {Drain rElec rPois Dex+5, Dev, Melee} (curse)
SInv    +            (boots unavailable)
Will    +....        j - amulet of the Clairvoyant Sun {Regen+, Melee, Self} (curse) Stlth
                     a - +6 ring of strength
HPRegen 1.24/turn    J - ring of the Bound God {Str+6, Melee, Dev} (curse)
MPRegen 0.14/turn

%: acrobat, clarity
@: berserking, flying, hasted, studying 2 skills, very quick
A: beak, talons 3, evasive flight, acrobatic
a: Renounce Religion, Shatter the Chains


You were in an ice cave.
You worshipped Ashenzari.
Ashenzari was most pleased with you.
You visited 3 branches of the dungeon, and saw 18 of its levels.
You also visited: Sewer, Ice Cave and Volcano.

You collected 1385 gold pieces.

Inventory:

Hand Weapons
 m - a +0 quick blade of flaming (weapon)
 w - a +2 dagger of venom
 y - a +0 falchion
 I - a +1 long sword of freezing
Missiles
 l - a throwing net
Armour
 b - a +0 scale mail
 c - a +0 kite shield of cold resistance (worn)
 k - the cursed +1 cloak of the Esoteric Mysticism (worn) {rF+, Elem, Dev}
   (You found it in a volcano)

   It has a curse which improves the following skills: Elements: Fire Magic, Ice
   Magic, Air Magic and Earth Magic.
   Devices:   Evocations and Shapeshifting.
 r - the +4 ring mail of Lecvopp {rElec Slay+2}
   (You found it on level 3 of the Dungeon)

   Slay+2:    It affects your accuracy & damage with ranged weapons and melee
   (+2).
   rElec:     It insulates you from electricity.
 B - the cursed +7 Kryia's mail coat (worn) {PotionHeal*2 rC+, Elem, Melee}
   (You found it on level 6 of the Dungeon)

   PotionHeal*2: Potions heal its wearer twice as much.
   rC+:       It protects you from cold.
   It has a curse which improves the following skills: Elements: Fire Magic, Ice
   Magic, Air Magic and Earth Magic.
   Melee Combat: Short Blades, Long Blades, Axes, Maces & Flails, Polearms,
   Staves and Unarmed Combat.
 P - the cursed +2 pair of gloves "Eternal Doubts" (worn) {Drain rElec rPois Dex+5, Dev, Melee}
   (You acquired it on level 2 of the Lair of Beasts)

   Dex+5:     It affects your dexterity (+5).
   rElec:     It insulates you from electricity.
   rPois:     It protects you from poison Drain: It drains your maximum health
   when unequipped.
   It has a curse which improves the following skills: Devices: Evocations and
   Shapeshifting.
   Melee Combat: Short Blades, Long Blades, Axes, Maces & Flails, Polearms,
   Staves and Unarmed Combat.
 X - a +2 plate armour of cold resistance
Jewellery
 a - a +6 ring of strength (left hand)
 i - a ring of protection from fire
 j - the cursed amulet of the Clairvoyant Sun (around neck) {Regen+, Melee, Self}
   (You found it on level 2 of the Dungeon)

   [amulet of regeneration]

   Regen+:    It increases your rate of health regeneration.
   It has a curse which improves the following skills: Melee Combat: Short
   Blades, Long Blades, Axes, Maces & Flails, Polearms, Staves and Unarmed
   Combat.
   Introspection: Fighting and Spellcasting.
 q - a ring of resist corrosion
 G - a +4 ring of protection
 J - the cursed ring of the Bound God (right hand) {Str+6, Melee, Dev}
   (You found it on level 8 of the Dungeon)

   [ring of strength]

   Str+6:     It affects your strength (+6).
   It has a curse which improves the following skills: Melee Combat: Short
   Blades, Long Blades, Axes, Maces & Flails, Polearms, Staves and Unarmed
   Combat.
   Devices:   Evocations and Shapeshifting.
 O - a ring of ice
 Q - a ring of protection from cold
 W - a ring of protection from fire
Wands
 C - a wand of mindburst (7) (quivered)
 H - a wand of iceblast (1)
 K - a wand of flame (2)
 R - a wand of charming (15)
Scrolls
 e - 2 scrolls of vulnerability
 g - a scroll of blinking
 h - 2 scrolls of immolation
 n - a scroll of revelation
 t - 3 scrolls of poison
 x - 4 scrolls of teleportation
 A - 2 scrolls of fear
 D - 2 scrolls of enchant weapon
 F - a scroll of fog
 T - a scroll of amnesia
 U - a scroll of brand weapon
 V - a scroll of torment
Potions
 d - 4 potions of might
 f - 3 potions of lignification
 o - 4 potions of magic
 p - 2 potions of invisibility
 s - 2 potions of ambrosia
 u - 4 potions of mutation
 v - a potion of brilliance
 z - a potion of berserk rage
 E - 2 potions of attraction
 L - 3 potions of haste
 M - 3 potions of resistance
 S - 5 potions of cancellation


   Skills:
 * Level 12.8(14.2) Fighting
 + Level 2.0(10.9) Short Blades
 + Level 15.1(18.7) Long Blades
 + Level 0.4 Throwing
 + Level 10.4 Armour
 + Level 10.9 Dodging
 + Level 2.1 Stealth
 + Level 9.0 Shields
 * Level 7.4(10.4) Evocations


You had 13 spell levels left.
You didn't know any spells.
Your spell library contained the following spells:

 Spells                   Type           Power      Damage    Failure   Level
 Magic Dart               Conj           0%         1d3       78%         1
 Cigotuvi's Dreadful Rot  Necr/Pois/Air  0%         N/A       88%         2
 Ensorcelled Hibernation  Hex/Ice        0%         N/A       88%         2
 Searing Ray              Conj           0%         2d4       89%         2
 Frozen Ramparts          Ice            0%         1d1       98%         3
 Hailstorm                Conj/Ice       0%         3d3       98%         3
 Ignite Poison            Fire/Tmut/Pois 0%         N/A       98%         3
 Stone Arrow              Conj/Erth      0%         3d7       98%         3
 Summon Guardian Golem    Hex/Summ       0%         N/A       98%         3
 Animate Armour           Summ/Erth      0%         N/A       100%        4
 Fulminant Prism          Conj/Hex       0%         3d5       100%        4
 Summon Ice Beast         Ice/Summ       0%         N/A       100%        4
 Freezing Cloud           Conj/Ice/Air   0%         6-21      100%        5
 Simulacrum               Ice/Necr       0%         N/A       100%        6
 Orb of Destruction       Conj           0%         9d5       100%        7
 Ozocubu's Refrigeration  Ice            0%         4d7       100%        7
 Spellforged Servitor     Conj/Summ      0%         N/A       100%        7
 Lehudib's Crystal Spear  Conj/Erth      0%         10d2      100%        8
 Polar Vortex             Ice            0%         N/A       100%        9


Dungeon Overview and Level Annotations

Branches:
Dungeon (12/15)            Temple (1/1) D:4            Lair (5/5) D:9
  Swamp (0/4) Lair:2       Spider (0/4) Lair:3        Slime (0/5) Lair:4
    Orc (0/2) D:9           Sewer (visited)           IceCv (1/1)
Volcano (visited)

Altars:
Ashenzari
Cheibriados
Dithmenos
Elyvilon
Fedhas
Gozag
Hepliaklqana
Kikubaaqudgha
Makhleb
Nemelex Xobeh
Okawaru
Qazlal
Ru
Sif Muna
Trog
Uskayaw
Vehumet
Wu Jian
Xom
Yredelemnul
Zin
The Shining One
Jiyva

Shops:
D:4 =   D:5 :   D:8 [

Annotations:
D:3 2 transporters, Savior361's ghost, amateur OgEE
D:4 1 runed translucent door, gelatine's ghost, amateur DsFi


Innate Abilities, Weirdness & Mutations

You have a beak for a mouth.
You have claws for feet.
Your magical flight helps you evade attacks. (EV +4)
You can magically evade attacks while moving or waiting.


Message History

You hit the rime drake but do no damage.
Your peck misses the rime drake.
You hit the rime drake but do no damage.
You peck the rime drake.
The rime drake is moderately wounded.
You block the yak's attack. The rime drake completely misses you.
You completely miss the rime drake. You claw the rime drake.
You hit the rime drake. You burn the rime drake.
Your kick misses the rime drake.
You peck the rime drake, but do no damage.
The rime drake is severely wounded.
The ice encasing you melts away.
A rime drake comes into view.
The rime drake bites you but does no damage.
The yak gores you!
* * * LOW HITPOINT WARNING * * *
The rime drake hisses angrily.
You hit the rime drake. You burn the rime drake. You claw the rime drake!
You closely miss the rime drake. Your kick misses the rime drake.
The rime drake is almost dead.
The rime drake bites you but does no damage.
You block the yak's attack.
You hit the rime drake but do no damage.
You peck the rime drake.
You kill the rime drake!
You feel yourself speed up. The yak gores you!
* * * LOW HITPOINT WARNING * * *
You block the rime drake's attack.
Unknown command.
A red film seems to cover your vision as you go berserk!
You feel yourself moving faster!
You feel mighty! You block the yak's attack.
You barely miss the yak. You claw the yak! You hit the yak but do no damage.
You claw the yak.
The yak is almost dead.
You closely miss the yak. You claw the yak. Your peck misses the yak.
You puncture the yak! You burn the yak.
You kill the yak!
The rime drake breathes ice at you. The icy flash freeze hits you!
You partially resist.
You die...

*#..###..#####
##..###.
*,,##.....#
##.##..
*,,#......#
#..#.#
**,##......#
#.#..#
*,,#.......#
##.###
*,,#....#..#
###
*,,##[..#..#
*,,,##.##..#
*,{,,###†@.#
*,.....†kk.#
**{....k...##
*,,.......##
**,,.......*
*,,*#.....#*
*,**#....#*
*,,*##...*
#### ####..#


You could see 3 rime drakes.

Vanquished Creatures
  A frost giant (IceCv)
  Fannar (D:10)
  A hydra (Lair:4)
  A two-headed ogre (D:11)
  13 death yaks
  3 skeletal warriors
  A bog body (Lair:2)
  A cyclops (D:11)
  An ugly thing (IceCv)
  3 alligator skeletons (Volcano)
  2 black mambas
  5 gargoyles (Volcano)
  8 cane toads
  A kobold demonologist (D:10)
  An unseen horror (D:10)
  4 komodo dragons
  4 rime drakes
  2 trolls
  A harpy skeleton (Volcano)
  2 hornets
  11 polar bears
  14 blink frogs
  2 spriggans (Lair:2)
  5 shadows
  3 flying skulls (Volcano)
  4 slime creatures (D:12)
  27 yaks
  2 wraiths
  3 wyverns
  3 fire bats (Lair:4)
  4 basilisks
  3 steam dragons
  2 vampire mosquitoes (D:10)
  A death yak simulacrum (Lair:5)
  A swamp worm (Lair:2)
  An acid dragon (D:10)
  Edmund (D:5)
  14 water moccasins
  3 ice beasts
  3 black bears
  6 orc warriors
  5 ogres
  37 wolves
  10 centaurs
  6 kobold brigands
  A gnoll sergeant (D:10)
  10 bullfrogs
  8 scorpions
  8 wights
  11 killer bees
  2 troll skeletons (Volcano)
  3 howler monkeys
  2 electric eels (Lair:2)
  2 bullfrog zombies (D:6)
  3 hounds
  A jelly (D:7)
  6 orc priests
  3 centaur zombies (D:6)
  9 orc wizards
  5 hell rats (Lair:3)
  A polar bear simulacrum (Lair:5)
  A wolf simulacrum (Lair:5)
  5 naga skeletons (Volcano)
  A howler monkey zombie (D:6)
  Robin (D:3)
  3 gnolls (D:2)
  6 adders
  3 river rats (Sewer)
  A white imp (D:7)
  2 ufetubi (D:6)
  6 worms
  2 dart slugs
  23 orcs
  6 bats
  9 endoplasms
  6 giant cockroaches
  18 goblins
  11 hobgoblins
  8 jackals
  3 quokkas (D:3)
  9 ball pythons
  A frilled lizard (D:3)
  20 kobolds
  11 rats
458 creatures vanquished.

Vanquished Creatures (others)
  A wyvern (D:10)
  2 kobolds (D:8)
3 creatures vanquished.

Grand Total: 461 creatures vanquished

Notes
Turn   | Place    | Note
-------+----------+-------------------------------------------
     0 | D:1      | wildpjah the Tengu Fighter began the quest for the Orb.
     0 | D:1      | Reached XP level 1. HP: 14/14 MP: 2/2
    96 | D:1      | Reached XP level 2. HP: 19/19 MP: 3/3
   733 | D:2      | Found a faded altar of an unknown god.
   813 | D:2      | Reached XP level 3. HP: 17/23 MP: 4/4
  1388 | D:2      | Reached skill level 1 in Dodging
  1389 | D:2      | Reached XP level 4. HP: 15/28 MP: 5/5
  1784 | D:3      | Found a transporter.
  1784 | D:3      | Noticed Savior361's ghost (amateur OgEE)
  1802 | D:3      | Found a radiant altar of Vehumet.
  1895 | D:3      | Found a transporter.
  2046 | D:3      | Noticed Robin
  2089 | D:3      | Killed Robin
  2148 | D:3      | Reached XP level 5. HP: 32/32 MP: 6/6
  2175 | D:3      | Found a glowing drain.
  2182 | Sewer    | Entered a sewer
  2269 | Sewer    | Noticed a kobold brigand
  2289 | Sewer    | Killed a kobold brigand
  2290 | Sewer    | Reached skill level 3 in Long Blades
  2370 | Sewer    | Noticed a kobold brigand
  2378 | Sewer    | Killed a kobold brigand
  2379 | Sewer    | Reached XP level 6. HP: 18/38 MP: 7/7
  2709 | Sewer    | Reached skill level 4 in Long Blades
  2709 | Sewer    | Reached skill level 5 in Armour
  2854 | D:3      | Identified the +4 ring mail of Lecvopp {rElec Slay+2}
  3074 | D:3      | Found a glowing silver altar of Zin.
  3336 | D:4      | Found a staircase to the Ecumenical Temple.
  3400 | Temple   | Entered the Ecumenical Temple
  3414 | Temple   | Became a worshipper of Ashenzari the Shackled
  3487 | D:4      | Found a runed translucent door.
  3491 | D:4      | Noticed gelatine's ghost (amateur DsFi)
  3543 | D:4      | Gained mutation: Your magical flight helps you evade
                  | attacks. (EV +4) [Tengu growth]
  3543 | D:4      | Reached XP level 7. HP: 40/43 MP: 8/8
  3710 | D:4      | Found Boinn's Jewellery Shoppe.
  4163 | D:5      | Entered Level 5 of the Dungeon
  4189 | D:5      | Noticed Edmund
  4207 | D:5      | Killed Edmund
  4208 | D:5      | Reached skill level 5 in Long Blades
  4213 | D:5      | Reached XP level 8. HP: 14/48 MP: 9/9
  4286 | D:5      | Found Jionk's Book Emporium.
  4312 | D:5      | Reached skill level 6 in Long Blades
  4405 | D:5      | Found an iron altar of Okawaru.
  4406 | D:5      | Found a sacrificial altar of Ru.
  4666 | D:5      | Reached skill level 5 in Fighting
  4814 | D:6      | Reached skill level 7 in Long Blades
  4849 | D:6      | Found the +7 Kryia's mail coat {PotionHeal*2 rC+}
  4934 | D:6      | Reached XP level 9. HP: 51/54 MP: 10/10
  4960 | D:5      | Reached skill level 5 in Dodging
  5025 | D:5      | HP: 1/49 [wight/+3 morningstar (2)]
  5057 | D:5      | Reached skill level 8 in Long Blades
  5264 | D:6      | Found a basalt altar of Yredelemnul.
  5281 | D:6      | Reached * piety under Ashenzari
  5561 | D:7      | Found an opulent altar of Gozag.
  5611 | D:7      | Found a shadowy altar of Dithmenos.
  5634 | D:7      | Reached skill level 5 in Shields
  5731 | D:7      | Reached ** piety under Ashenzari
  6283 | D:8      | Reached skill level 1 in Stealth
  6286 | D:8      | Reached XP level 10. HP: 63/64 MP: 11/11
  6364 | D:8      | Reached *** piety under Ashenzari
  6415 | D:8      | Found Xoyhas's Antique Armour Shoppe.
  6430 | D:8      | Reached skill level 9 in Long Blades
  6907 | D:9      | Found a staircase to the Orcish Mines.
  7090 | D:9      | Found a staircase to the Lair.
  7425 | D:9      | Paralysed by a hornet for 3 turns
  7431 | D:9      | Found a white marble altar of Elyvilon.
  7431 | D:9      | Found a sparkling altar of Nemelex Xobeh.
  7904 | D:10     | Entered Level 10 of the Dungeon
  8145 | D:10     | Noticed an unseen horror
  8155 | D:10     | Noticed a kobold demonologist
  8159 | D:10     | Noticed a rust devil
  8159 | D:10     | Killed an unseen horror
  8160 | D:10     | Reached skill level 10 in Long Blades
  8164 | D:10     | Reached XP level 11. HP: 49/73 MP: 12/12
  8254 | D:10     | Noticed Fannar
  8278 | D:10     | Killed Fannar
  8284 | D:10     | Found a shimmering altar of Xom.
  8373 | D:10     | Identified a scroll of acquirement
  8447 | D:10     | Reached **** piety under Ashenzari
  8834 | D:11     | Noticed a cyclops
  8843 | D:11     | Killed a cyclops
  8844 | D:11     | Reached skill level 1 in Evocations
  8998 | D:11     | Noticed a two-headed ogre
  9010 | D:11     | Killed a two-headed ogre
  9011 | D:11     | Reached skill level 11 in Long Blades
  9563 | D:12     | Noticed a skeletal warrior
  9566 | D:12     | Noticed a skeletal warrior
  9566 | D:12     | Noticed a skeletal warrior
  9566 | D:12     | Noticed a skeletal warrior
  9571 | D:12     | Noticed a skeletal warrior
  9601 | D:11     | Killed a skeletal warrior
  9682 | Lair:1   | Entered Level 1 of the Lair of Beasts
  9798 | Lair:1   | Reached XP level 12. HP: 75/80 MP: 13/13
 10105 | Lair:1   | Reached skill level 12 in Long Blades
 10279 | Lair:1   | Reached skill level 10 in Fighting
 10813 | Lair:2   | Found a staircase to the Swamp.
 10840 | Lair:2   | Noticed a death yak
 10841 | Lair:2   | Noticed a death yak
 10841 | Lair:2   | Noticed a death yak
 10842 | Lair:2   | Noticed a death yak
 10857 | Lair:2   | Killed a death yak
 10868 | Lair:2   | Killed a death yak
 10884 | Lair:2   | Killed a death yak
 10885 | Lair:2   | Reached skill level 5 in Evocations
 10894 | Lair:2   | Killed a death yak
 10895 | Lair:2   | Reached skill level 13 in Long Blades
 11169 | Lair:2   | Reached XP level 13. HP: 84/88 MP: 14/14
 11370 | Lair:2   | Acquired a manual of Long Blades
 11371 | Lair:2   | Acquired a manual of Dodging
 11372 | Lair:2   | Acquired the +2 pair of gloves of Woecehe {Drain rElec
                  | rPois Dex+5}
 11427 | Lair:2   | Reached skill level 10 in Armour
 11978 | Lair:3   | Found an opulent altar of Gozag.
 12105 | Lair:3   | Found a hole to the Spider Nest.
 12804 | Lair:4   | Found a dark tunnel.
 12814 | Volcano  | Entered a volcano
 12852 | Volcano  | Reached skill level 14 in Long Blades
 13334 | Lair:4   | Found a viscous altar of Jiyva.
 13336 | Lair:4   | Found a staircase to the Slime Pits.
 13510 | Lair:4   | Reached skill level 10 in Dodging
 13576 | Lair:4   | Reached skill level 15 in Long Blades
 13578 | Lair:4   | Reached XP level 14. HP: 95/96 MP: 15/15
 13975 | IceCv    | Identified the "Dulupn"
 13975 | Lair:5   | Entered Level 5 of the Lair of Beasts
 13979 | Lair:5   | Found a frozen archway.
 14018 | IceCv    | Entered an ice cave
 14053 | IceCv    | Reached skill level 1 in Short Blades
 14282 | IceCv    | Noticed a frost giant
 14298 | IceCv    | Killed a frost giant
 14305 | IceCv    | HP: 1/96 [yak (11)]
 14308 | IceCv    | Killed from afar by a rime drake

Illustrated notes

Levels and vault maps discovered:
D:1:      matt_arrival_diagonals, layout_rooms, serial_bayou,
          serial_bayou_pond_c, serial_bayou_pond_c, serial_bayou_shore_b,
          serial_bayou_shore_b
D:2:      layout_loops_corners, ebering_ecumenical_altar_petrified,
          hangedman_decor_push, minmay_misc_feat_nine_boxes
D:3:      kennysheep_goblin_castle, layout_basic, vehumet_crystals, zin_academy,
          gup_sewer_entry_bubbles, gammafunk_ghost_arena
D:4:      layout_basic, temple_pool_b, gammafunk_ghost_grave, serial_shops,
          nicolae_shop_trees
D:5:      layout_basic, gammafunk_temple_overflow_pools, serial_shops,
          nicolae_diamond_shop, uniq_edmund
D:6:      layout_cave_pools, nicolae_yredelemnul_corpse_copse
D:7:      layout_gridville, mainiacjoe_overflow_paths, grunt_gozag_statues
D:8:      layout_basic, serial_shops, shop
D:9:      layout_grid_maze, nicolae_overflow_two_pavilions,
          due_lair_maze_entry_diamond, orc_0_dummy, hangedman_decor_growths
D:10:     layout_irregular_city, xom_confusion_cloud, uniq_fannar
D:11:     layout_roguey
D:12:     layout_cave_pods, uniq_kirke
Temple:   nicolae_temple_x_marks_the_god
Lair:1:   layout_small_grid, lemuel_fruit_tree
Lair:2:   layout_regular_city, nicolae_swamp_entry_splash_gauntlet,
          forest_entry_grove
Lair:3:   layout_layer_cave, spider_nest_entry_web_field, basic_altar
Lair:4:   layout_big_grid, slime_entry_1, nicolae_volcano_entry_batcave,
          dreamdust_mushroom_princess, beast_lair_carwin_4, grunt_megastairs_4
Lair:5:   wormcave, layout_regular_city, hangedman_lair_tendril_chambers,
          portal_ice_cave_entry_ice_simulacra
IceCv:    ice_cave_small_giant

Skill      XL: |  1  2  3  4  5  6  7  8  9 10 11 12 13 14 |
---------------+-------------------------------------------+-----
Dodging        | 1 2 3 4 6 7 8 10 | 10.9
Armour         | 4 5 6 7 8 9 10 | 10.4
Long Blades    | 3 4 5 7 8 10 11 13 15 | 15.1
Fighting       | 4 5 6 8 9 10 12 | 12.8
Shields        | 4 5 6 7 8 9 |  9.0
Stealth        | 1 2 |  2.1
Evocations     | 3 5 6 7 |  7.4
Short Blades   | 2 |  2.0
Throwing       | |  0.4

Action                     |  1- 3 |  4- 6 |  7- 9 | 10-12 | 13-15 || total
---------------------------+-------+-------+-------+-------+-------++-------
  Melee: Long sword        |    62 |   232 |   293 |   706 |   444 ||  1737
         Kick              |    13 |    50 |   107 |   258 |   289 ||   717
         Peck              |    10 |    23 |    66 |   146 |   175 ||   420
         Quick blade       |       |       |       |       |   154 ||   154
  Throw: Throwing net      |       |     2 |     3 |       |       ||     5
 Invoke: Curse Item        |       |       |     3 |     3 |     2 ||     8
         Shatter the Chain |       |       |       |     1 |     2 ||     3
  Evoke: Wand              |       |       |     1 |     6 |     8 ||    15
    Use: Scroll            |       |     2 |     4 |     1 |     5 ||    12
         Potion            |       |       |     1 |       |     6 ||     7
   Stab: Held in net/web   |       |     1 |       |       |       ||     1
         Confused          |       |       |       |     1 |       ||     1
         Sleeping          |       |       |       |       |     2 ||     2
 Armour: Scale mail        |    29 |   110 |   159 |   343 |   235 ||   876
         Ring mail         |       |    14 |    58 |       |       ||    72
  Dodge: Dodged            |    34 |   151 |   401 |   629 |   473 ||  1688
  Block: Buckler           |    10 |    60 |   116 |   227 |   185 ||   598
         Kite shield       |       |       |       |       |     8 ||     8

Table legend: (Time is in decaauts)
 A = Elapsed time spent in this place.
 B = Non-inter-level travel time spent in this place.
 C = Inter-level travel time spent in this place.
 D = Time resting spent in this place.
 E = Time spent auto-exploring this place.
 F = Levels seen in this place.
 G = Mean time per level.
                   A        B        C        D        E       F      G
               +--------+--------+--------+--------+--------+-----+--------+
         Total |  14293 |  13632 |    661 |     84 |  10251 |  21 |  680.6 |
       Dungeon |   9192 |   8656 |    536 |     24 |   6791 |  12 |  766.0 |
        Temple |     23 |     23 |      0 |      0 |      0 |   1 |   23.0 |
          Lair |   3606 |   3481 |    125 |     34 |   2622 |   5 |  721.2 |
         Sewer |    750 |    750 |      0 |      0 |    487 |   1 |  750.0 |
      Ice Cave |    261 |    261 |      0 |      0 |    130 |   1 |  261.0 |
       Volcano |    459 |    459 |      0 |     26 |    221 |   1 |  459.0 |
               +--------+--------+--------+--------+--------+-----+--------+

Top non-repeatable levels by time:
     D:3: 1145 daAuts
  Lair:3: 1066 daAuts
     D:9: 1032 daAuts
  Lair:2: 1025 daAuts
    D:10: 963 daAuts
     D:2: 957 daAuts
     D:4: 855 daAuts
  Lair:1: 816 daAuts
     D:7: 768 daAuts
     D:5: 761 daAuts
   Sewer: 750 daAuts
     D:1: 713 daAuts
    D:11: 673 daAuts
  Lair:4: 663 daAuts
     D:8: 632 daAuts
